 Dungeon Crawl Stone Soup version 0.32-a0-616-g9348d4545b (webtiles) character file.

Game seed: 2530695483244789290

389 ytrimaz the Trooper (level 6, 0/50 HPs)
             Began as a Demonspawn Fighter on Mar 6, 2024.
             Succumbed to an adder's poison
             ... on level 4 of the Dungeon.
             The game lasted 00:02:35 (3589 turns).

ytrimaz the Trooper (Demonspawn Fighter)            Turns: 3589, Time: 00:02:36

Health: 0/50       AC: 12    Str: 18    XL:     6   Next: 50%
Magic:  6/6        EV:  9    Int:  9    God:
Gold:   242        SH:  4    Dex: 12    Spells: 5/5 levels left

rFire   . . .        a - +0 war axe
rCold   . . .        c - +0 buckler
rNeg    . . .        b - +0 scale mail
rPois   .            r - +0 helmet
rElec   .            e - +2 cloak
rCorr   .            (no gloves)
SInv    .            h - +0 pair of boots
Will    .....        (no amulet) Stlth
                     i - ring of flight
HPRegen 0.28/turn    (no ring)
MPRegen 0.10/turn

%: no passive effects
@: lethally poisoned (0 -> -2), on fire, flying, glowing
A: weakness stinger 1
a: no special abilities


You were on level 4 of the Dungeon.
You visited 1 branch of the dungeon, and saw 4 of its levels.

You collected 242 gold pieces.


Innate Abilities, Weirdness & Mutations

You have a small tail.


   Skills:
 + Level 4.9 Fighting
 + Level 3.8 Axes
 + Level 4.4 Armour
 - Level 2.6 Shields


You had 5 spell levels left.
You didn't know any spells.
Your spell library contained the following spells:

 Spells                   Type           Power      Damage    Failure   Level
 Vhi's Electric Charge    Tloc/Air       0%         N/A       100%        4
 Arcjolt                  Conj/Air       0%         1d10      100%        5
 Maxwell's Capacitive Co  Air            0%         ∞         100%        8

Inventory:

Hand Weapons
 a - a +0 war axe (weapon)
Armour
 b - a +0 scale mail (worn)
 c - a +0 buckler (worn)
 e - a +2 cloak (worn)
   (You found it on level 1 of the Dungeon)
 h - a +0 pair of boots (worn)
   (You found it on level 1 of the Dungeon)
 r - a +0 helmet (worn)
   (You found it on level 4 of the Dungeon)
Jewellery
 i - a ring of flight (left hand)
   (You found it on level 1 of the Dungeon)
Wands
 l - a wand of acid (11)
   (You found it on level 2 of the Dungeon)
 q - a wand of iceblast (6)
   (You found it on level 3 of the Dungeon)
Scrolls
 f - 2 scrolls of fog
 k - 3 scrolls of noise
 n - 2 scrolls of poison
 p - 2 scrolls of teleportation
Potions
 d - a potion of might
 g - a potion of attraction {unknown}
 j - 3 potions of curing
 m - a potion of heal wounds {unknown}
 o - a potion of cancellation

Dungeon Overview and Level Annotations

Branches:
Dungeon (4/15) Zot: 20314
 Temple: D:4-7

Altars:
Fedhas
Ru
Uskayaw
Wu Jian

Shops:
D:2

! #####
####...
#...B#
#.#.@#
#..S(#
##...#
#....#
#....#
#....#
##...# .#
##..#####..#
#..........


You could see a bombardier beetle and an adder.


Message History

The endoplasm freezes you.
You are frozen.
The endoplasm hits you. 😕 HP[-5]
You take 5 damage, and now have 45/50 hp.
An endoplasm is nearby!
You hit the endoplasm but do no damage.
The endoplasm barely misses you. 😕 HP[+1] Unknown command.
You slash the endoplasm!
You kill the endoplasm!
No target in view! 😕 HP[+1]
You hear the quick rusting of a very distant drain.
Key pressed, stopping explore.
A ball python comes into view.
The ball python hisses angrily. 😎 HP[+3]
Your hp is fully restored (50).
A ball python is nearby!
A ball python is nearby!
Unknown command.
You hit the ball python.
You kill the ball python!
No target in view!
Unknown command.
Key pressed, stopping explore.
No target in view!
An adder comes into view.
The adder hisses angrily.
A bombardier beetle comes into view.
There are monsters nearby!
There are monsters nearby!
The adder closely misses you.
You see here 3 stones.
The adder bites you but does no damage.
You barely miss the bombardier beetle.
Your tail-slap misses the bombardier beetle.
You closely miss the adder.
You hear the quick rusting of a very distant drain.
You block the adder's attack. The adder closely misses you.
The bombardier beetle sprays incendiary fluid at you.
The burning spray hits you.
You are covered in liquid fire!
You barely miss the bombardier beetle. You completely miss the adder.
The liquid fire burns you! The adder barely misses you.
The bombardier beetle bites you but does no damage.
The adder closely misses you. 😕 HP[-5]
You take 5 damage, and now have 45/50 hp.
You hit the bombardier beetle. You hit the adder. The liquid fire burns you!
The adder bites you but does no damage.
The bombardier beetle sprays incendiary fluid at you.
The burning spray hits you.
You are even more covered in liquid fire!
The adder bites you but does no damage. 😕 HP[-7]
You take 7 damage, and now have 38/50 hp.
You hit the bombardier beetle. You miss the adder. The liquid fire burns you!
The adder bites you but does no damage.
The bombardier beetle bites you but does no damage.
The adder bites you.
You are poisoned.
The adder poisons you! 😮 HP[-10]
You take 10 damage, and now have 28/50 hp.
You completely miss the bombardier beetle.
You hit the adder. The liquid fire burns you!
* * * LOW HITPOINT WARNING * * *
You feel very sick. The adder bites you but does no damage.
The bombardier beetle bites you but does no damage. 😨 HP[-7]
You take 7 damage, and now have 21/50 hp.
You are too injured to fight recklessly!
You barely miss the bombardier beetle. You closely miss the adder.
The liquid fire burns you!
* * * LOW HITPOINT WARNING * * *
You feel sick.
The adder bites you but does no damage. x2 😨 HP[-4]
You take 4 damage, and now have 17/50 hp.
Unknown command.
You slash the bombardier beetle! You closely miss the adder.
The liquid fire burns you!
* * * LOW HITPOINT WARNING * * *
You feel sick. The adder bites you.
* * * LOW HITPOINT WARNING * * *
The bombardier beetle bites you but does no damage.
The adder closely misses you.
You are too injured to fight recklessly! 😱 HP[-11]
You take 11 damage, and now have 6/50 hp.
MASSIVE DAMAGE!! (PAUSE)
You hit the bombardier beetle. You barely miss the adder.
The liquid fire burns you!
* * * LOW HITPOINT WARNING * * *
You die...

Skill      XL: |  1  2  3  4  5 |
---------------+----------------+-----
Axes           | 2 3 |  3.8
Armour         | 3 4 |  4.4
Fighting       | 4 |  4.9
Shields        | |  2.6

Action                     |  1- 3 |  4- 6 || total
---------------------------+-------+-------++-------
  Melee: War axe           |    89 |   162 ||   251
         Tailslap          |    12 |    16 ||    28
    Use: Scroll            |     3 |     4 ||     7
 Armour: Scale mail        |    69 |   162 ||   231
  Dodge: Dodged            |    58 |    79 ||   137
  Block: Buckler           |    21 |    34 ||    55

Levels and vault maps discovered:
D:1:      scummos_arrival_simple_fountains, layout_basic
D:2:      layout_loops_ring, basic_altar,
          shapermc_ecumenical_altar_mp_ritualfount, serial_aquarium,
          aquarium_bridge_straight [aquarium_subvault_bridge,
          aquarium_subvault_window, aquarium_subvault_bridge,
          aquarium_subvault_balcony], aquarium_window_2, aquarium_window_fake,
          aquarium_view_2b, aquarium_view_2e, aquarium_balcony_5a, serial_shops,
          nicolae_shop_hallway_stairs, minmay_joined_circles
D:3:      layout_basic, minmay_overflow_temple_star_quad,
          kennysheep_generic_room_9
D:4:      layout_loops_corners, vehumet_statue, cheibrodos_sewer_entry_bend,
          hangedman_feature_mirror, nicolae_inconvenience_store,
          kennysheep_flooded_box, minmay_fractal_squares_gapless_5

Notes
Turn   | Place    | Note
-------+----------+-------------------------------------------
     0 | D:1      | ytrimaz the Demonspawn Fighter began the quest for the Orb.
     0 | D:1      | Reached XP level 1. HP: 18/18 MP: 1/1
     0 | D:1      | magus.rc [v1.9.6]
    65 | D:1      | Reached skill level 2 in Axes
    70 | D:1      | Gained mutation: You have a small tail. [demonic ancestry]
    70 | D:1      | Reached XP level 2. HP: 24/24 MP: 2/2
   298 | D:1      | Reached skill level 3 in Armour
   424 | D:1      | Reached XP level 3. HP: 20/29 MP: 3/3
   588 | D:1      | You add the spells Vhi's Electric Charge, Arcjolt and
                  | Maxwell's Capacitive Coupling to your library.
   829 | D:2      | Found a faded altar of an unknown god.
   973 | D:2      | Found a sacrificial altar of Ru.
  1150 | D:2      | Found Pesocw's Distillery.
  1307 | D:2      | Reached XP level 4. HP: 28/37 MP: 4/4
  1373 | D:2      | Reached skill level 4 in Fighting
  1390 | D:2      | Reached skill level 3 in Axes
  1470 | D:2      | Reached XP level 5. HP: 42/42 MP: 5/5
  2130 | D:3      | Reached skill level 4 in Armour
  2489 | D:3      | Found a blossoming altar of Fedhas.
  2495 | D:3      | Found a hide-covered altar of Uskayaw.
  2499 | D:3      | Found an ornate altar of the Wu Jian Council.
  2660 | D:3      | Reached XP level 6. HP: 15/49 MP: 6/6
  2660 | D:3      | HP: 12/49 [burnt (3)]
  3272 | D:4      | HP: 12/49 [ogre/+0 giant club (14)]
  3588 | D:4      | HP: 9/50 [burnt (8)]
  3589 | D:4      | HP: 2/50 [burnt (4)]
  3589 | D:4      | Succumbed to an adder's poison

Vanquished Creatures
  An ogre (D:4)
  2 bombardier beetles (D:3)
  2 orc wizards
  8 adders
  5 dart slugs
  A ribbon worm (D:2)
  9 orcs (D:3)
  7 endoplasms
  A giant cockroach (D:4)
  9 hobgoblins
  6 jackals
  2 quokkas
  12 ball pythons
  4 bats
  4 frilled lizards (D:2)
  10 goblins
  9 kobolds
  5 rats
97 creatures vanquished.

Table legend:
 A = Non-vault XP
 B = Vault XP
 C = Vault XP percentage of total XP
 D = Non-vault monster count
 E = Vault monster count
 F = Vault count percentage of total count
                 A         B        C        D         E       F
            +---------+---------+-------+---------+---------+-------
      Total |     319 |     238 |  42.7 |      78 |      19 |  19.6
            +---------+---------+-------+---------+---------+-------
        D:1 |      57 |       0 |   0.0 |      31 |       0 |   0.0
        D:2 |      53 |     103 |  66.0 |      19 |      12 |  38.7
        D:3 |     187 |       7 |   3.6 |      21 |       2 |   8.7
        D:4 |      22 |     128 |  85.3 |       7 |       5 |  41.7
            +---------+---------+-------+---------+---------+-------

Skill      XL: |  1  2  3  4  5 |
---------------+----------------+-----
Axes           | 2 3 |  3.8
Armour         | 3 4 |  4.4
Fighting       | 4 |  4.9
Shields        | |  2.6

Action                     |  1- 3 |  4- 6 || total
---------------------------+-------+-------++-------
  Melee: War axe           |    89 |   162 ||   251
         Tailslap          |    12 |    16 ||    28
    Use: Scroll            |     3 |     4 ||     7
 Armour: Scale mail        |    69 |   162 ||   231
  Dodge: Dodged            |    58 |    79 ||   137
  Block: Buckler           |    21 |    34 ||    55

Illustrated notes

Table legend:
 A = Kills in this place as a percentage of kills in the entire game.
 B = Kills by you in this place as a percentage of kills by you in the entire game.
 C = Kills by friends in this place as a percentage of kills by friends in the entire game.
 D = Other kills in this place as a percentage of other kills in the entire game.
 E = Experience gained in this place as a percentage of experience gained in the entire game.
 F = Experience gained in this place divided by the number of levels of this place that you have seen.
                   A       B       C       D       E      F
               +-------+-------+-------+-------+-------+----------------------
         Total | 100.0 | 100.0 |   N/A |   N/A | 100.0 | 139.2
       Dungeon | 100.0 | 100.0 |   N/A |   N/A | 100.0 | 139.2
               +-------+-------+-------+-------+-------+----------------------

Table legend: (Time is in decaauts)
 A = Elapsed time spent in this place.
 B = Non-inter-level travel time spent in this place.
 C = Inter-level travel time spent in this place.
 D = Time resting spent in this place.
 E = Time spent auto-exploring this place.
 F = Levels seen in this place.
 G = Mean time per level.
                   A        B        C        D        E       F      G
               +--------+--------+--------+--------+--------+-----+--------+
         Total |   3685 |   3544 |    141 |      2 |   2839 |   4 |  921.2 |
       Dungeon |   3685 |   3544 |    141 |      2 |   2839 |   4 |  921.2 |
               +--------+--------+--------+--------+--------+-----+--------+

Top non-repeatable levels by time:
     D:3: 1423 daAuts
     D:2: 976 daAuts
     D:1: 823 daAuts
     D:4: 463 daAuts
